[Event "Titled Tuesday Blitz May 23 Early 2023"]
[White "Gontcharov, Vladislav"]
[Black "Sovetbekova, Nurai"]
[WhiteFideId "4123492"]
[BlackFideId "13801910"]
[WhiteElo "2420"]
[BlackElo "1857"]
[Result "1-0"]
[Round "03"]
[TimeControl "180+2"]
[Date "2023.05.23"]
[WhiteClock "0:00:09"]
[BlackClock "0:00:00"]

1. d4 Nf6 2. c4 g6 3. Nc3 d5 4. cxd5 Nxd5 5. e4 Nxc3 6. bxc3 Bg7 7. Bc4 c5 8. Ne2 O-O 9. O-O Nc6 10. Be3 b6 11. dxc5 bxc5 12. Qxd8 Rxd8 13. Bxc5 Na5 14. Bd5 Rb8 15. Bxe7 Re8 16. Bb4 Ba6 17. Bxa5 Bxe2 18. Rfe1 Bb5 19. Rab1 Bd3 20. Rbd1 Bc2 21. Rd2 Bxe4 22. Rde2 Rb5 23. Bc6 Rxa5 24. Bxe8 f5 25. a4 Bxc3 26. Rc1 Be5 27. Bb5 a6 28. Bc6 Bd3 29. Ree1 Kg7 30. g3 Kf6 31. h4 f4 32. Kg2 fxg3 33. fxg3 Bf5 34. Re3 h5 35. Rd1 Rc5 36. Bf3 Rc2+ 37. Re2 Rc4 38. Rde1 Bd4 39. a5 Ra4 40. Rd1 Be5 41. Rc1 Rxa5 42. Rc6+ Be6 43. g4 hxg4 44. Bxg4 Rd5 45. Rxe6+ Kg7 46. Rxa6 Bf6 47. Bf3 Rf5 48. Ra7+ Kh6 49. Re4 1-0


[Site "https://www.chess.com"]

[Event "Titled Tuesday Blitz May 23 Early 2023"]
[White "Fajdetic, Hrvoje"]
[Black "Tologon tegin, Semetei"]
[WhiteFideId "14501945"]
[BlackFideId "13800574"]
[WhiteElo "2185"]
[BlackElo "2247"]
[Result "0-1"]
[Round "03"]
[TimeControl "180+2"]
[Date "2023.05.23"]
[WhiteClock "0:00:08"]
[BlackClock "0:00:19"]

1. d4 d5 2. Bf4 c5 3. e3 Nc6 4. Nc3 cxd4 5. exd4 Nf6 6. Nb5 Qa5+ 7. c3 Kd7 8. Bc7 Qa6 9. Nd6 Qxf1+ 10. Kxf1 exd6 11. Nf3 Kxc7 12. Ng5 Nd8 13. Qb3 h6 14. Nf3 Be6 15. h3 Nc6 16. Kg1 g5 17. Re1 Bg7 18. Qa3 Ne4 19. b4 a6 20. Qb2 b5 21. Kh2 h5 22. Nd2 Nxf2 23. Rhf1 Nd3 24. Qb1 Nxe1 25. Qxe1 g4 26. h4 Rh6 27. g3 Rf6 28. Rxf6 Bxf6 29. Qe3 Rh8 30. Qd3 Bg7 31. Nf1 Bh6 32. Ne3 Bxe3 33. Qxe3 Ne7 34. Qg5 Nf5 35. Qf6 Rh6 36. Qg5 f6 37. Qd2 Rh7 38. a4 bxa4 39. Qd1 Bd7 40. Qd3 Kb6 41. c4 dxc4 42. Qxc4 Re7 43. d5 Re3 44. Qf4 Rxg3 45. Qf2+ Re3 46. Qb2 a3 47. Qxf6 a2 48. Qd8+ Kb5 49. Qxd7+ Kc4 50. Qa4 Re2+ 51. Kg1 Re1+ 52. Kf2 a1=Q 53. Qc6+ Kd4 54. Qb6+ Ke4 0-1


[Site "https://www.chess.com"]

[Event "Titled Tuesday Blitz May 23 Early 2023"]
[White "mohsengabr2002"]
[Black "Ferenc83"]
[WhiteElo "2293"]
[BlackElo "2543"]
[Result "0-1"]
[Round "03"]
[TimeControl "180+2"]
[Date "2023.05.23"]
[WhiteClock "0:00:11"]
[BlackClock "0:00:07"]

1. e4 c6 2. g3 d5 3. Nc3 dxe4 4. Nxe4 Nf6 5. Qe2 Nxe4 6. Qxe4 Qd5 7. Bg2 Qxe4+ 8. Bxe4 Nd7 9. Bg2 Nf6 10. Nf3 Bf5 11. d3 e6 12. Be3 Bb4+ 13. Ke2 h6 14. Nd4 Bg6 15. Nxc6 bxc6 16. Bxc6+ Ke7 17. Bxa8 Rxa8 18. h3 e5 19. a3 Bd6 20. c4 a5 21. c5 Bc7 22. b4 Nd5 23. Bd2 Rb8 24. Rhb1 e4 25. dxe4 Bxe4 26. Rb2 Be5 27. Raa2 Bxb2 28. Rxb2 axb4 29. axb4 Rb5 30. f3 Bf5 31. g4 Bg6 32. h4 Kd7 33. h5 Bh7 34. Ra2 Kc6 35. Ra7 Nc7 36. Bf4 Rb7 37. Ra4 Bc2 38. Ra2 Bb3 39. Rd2 Nd5 40. Be5 f6 41. Bd6 Rxb4 42. Bf8 Rb7 43. Kf2 Rf7 44. Bd6 Bc4 45. Kg3 f5 46. Rc2 Bb5 47. Rc1 fxg4 48. fxg4 Nf6 49. Re1 Bd3 50. Re6 Ne4+ 51. Kh4 Ng5 52. Re3 Bc4 53. Re7 Rf3 54. Rc7+ Kd5 55. Bg3 Ne4 56. Bd6 Rf1 57. Kh3 Rf3+ 58. Kh4 Bf1 59. g5 hxg5+ 60. Kg4 Be2 61. h6 gxh6 62. Kh5 Rf7+ 63. Kxh6 Rxc7 64. Bxc7 g4 65. Kh5 g3+ 66. Kh4 g2 67. Bh2 Bf1 68. Kg4 Nxc5 69. Kf3 Ne4 70. Ke3 Nf6 71. Kf4 Kd4 72. Kf3 Kd3 73. Kf2 Ng4+ 74. Kg1 Nxh2 75. Kxh2 Ke2 76. Kg1 Ke1 77. Kh2 Kf2 78. Kh3 g1=Q+ 79. Kh4 Kf3 0-1


[Site "https://www.chess.com"]

[Event "Titled Tuesday Blitz May 23 Early 2023"]
[White "Gallego Alcaraz, Andres Felipe"]
[Black "Leschinsky, Gary"]
[WhiteFideId "4402669"]
[BlackFideId "30951321"]
[WhiteElo "2380"]
[BlackElo "1855"]
[Result "0-1"]
[Round "03"]
[TimeControl "180+2"]
[Date "2023.05.23"]
[WhiteClock "0:01:14"]
[BlackClock "0:00:49"]

1. e4 c5 2. Nf3 e6 3. d4 cxd4 4. Nxd4 a6 5. Bd3 Bc5 6. Nb3 Ba7 7. Qg4 Nf6 8. Qg3 O-O 9. Nc3 d6 10. Bg5 Nc6 11. O-O-O Qe7 12. f4 Nh5 13. Qf3 f6 14. Bh4 g6 15. g4 Nxf4 16. Qxf4 g5 17. Qg3 gxh4 18. Qxh4 Ne5 19. Kb1 b5 20. Ne2 Bb7 21. Nf4 Be3 22. Rhf1 Bxf4 23. Rxf4 Ng6 24. Qf2 Nxf4 25. Qxf4 Rad8 26. h4 Ba8 27. Re1 e5 28. Qg3 d5 29. exd5 Bxd5 30. Nd2 Kh8 31. Nf1 Bc4 32. Bxc4 bxc4 33. Ne3 c3 34. Nf5 Qb4 35. Qxc3 Qxg4 36. Ne3 Qd4 37. Qa3 Rg8 38. b4 Rg3 39. h5 Rb8 40. c3 Rxe3 0-1


[Site "https://www.chess.com"]

[Event "Titled Tuesday Blitz May 23 Early 2023"]
[White "Taboas Rodriguez, Daniel"]
[Black "Wimalasuriya, Kasun M."]
[WhiteFideId "2208466"]
[BlackFideId "9906789"]
[WhiteElo "2365"]
[BlackElo "2282"]
[Result "1-0"]
[Round "03"]
[TimeControl "180+2"]
[Date "2023.05.23"]
[WhiteClock "0:00:42"]
[BlackClock "0:00:49"]

1. d4 Nf6 2. Nf3 e6 3. c4 d5 4. Nc3 Bb4 5. Bg5 h6 6. Bxf6 Qxf6 7. e3 O-O 8. Rc1 dxc4 9. Bxc4 c5 10. O-O cxd4 11. Nxd4 Rd8 12. Ne4 Qe7 13. Qh5 a6 14. Rfd1 b5 15. Bb3 Bb7 16. Ng3 Bd6 17. Ndf5 exf5 18. Nxf5 Qf6 19. Nxd6 Rxd6 20. Rxd6 Qxd6 21. Qxf7+ Kh7 22. Bc2+ Kh8 23. Qe8+ 1-0


[Site "https://www.chess.com"]

[Event "Titled Tuesday Blitz May 23 Early 2023"]
[White "Estremera Panos, Sergio"]
[Black "Janaszak, Dawid"]
[WhiteFideId "2200864"]
[BlackFideId "1119206"]
[WhiteElo "2253"]
[BlackElo "2220"]
[Result "0-1"]
[Round "03"]
[TimeControl "180+2"]
[Date "2023.05.23"]
[WhiteClock "0:00:59"]
[BlackClock "0:01:41"]

1. d4 d5 2. c4 e6 3. Nc3 c5 4. Nf3 Nc6 5. cxd5 exd5 6. dxc5 d4 7. Na4 b5 8. cxb6 axb6 9. b3 b5 10. Nb2 Bb4+ 11. Bd2 Bc3 12. Qc2 b4 13. e3 Nge7 14. Bc4 O-O 15. O-O Nf5 16. Rfd1 Qf6 17. Bd5 Bb7 18. Bxc6 Bxc6 19. exd4 Bxf3 20. gxf3 Nxd4 21. Bxc3 Qg5+ 0-1


[Site "https://www.chess.com"]

[Event "Titled Tuesday Blitz May 23 Early 2023"]
[White "cristianserban1"]
[Black "Rosh Jain"]
[BlackFideId "25789465"]
[WhiteElo "2531"]
[BlackElo "2233"]
[Result "1-0"]
[Round "03"]
[TimeControl "180+2"]
[Date "2023.05.23"]
[WhiteClock "0:00:08"]
[BlackClock "0:00:00"]

1. d4 Nf6 2. Bf4 d5 3. Nf3 e6 4. e3 Bd6 5. Bg3 c5 6. c3 Qc7 7. Ne5 Ne4 8. Nd2 Nxg3 9. hxg3 Bxe5 10. dxe5 Qxe5 11. c4 Nc6 12. cxd5 exd5 13. Qc1 b6 14. Bb5 Bb7 15. Qc2 h6 16. Rd1 O-O 17. Nf3 Qf6 18. g4 Nb4 19. Qb1 d4 20. g5 Qg6 21. Qxg6 fxg6 22. gxh6 gxh6 23. a3 Nd5 24. exd4 Nf4 25. O-O Nxg2 26. Ne5 Nf4 27. dxc5 bxc5 28. Rd7 Bd5 29. Rxd5 Nxd5 30. Bc4 Rad8 31. Nc6 Rd7 32. Bxd5+ Kg7 33. Bg2 Rf6 34. Ne5 Rd2 35. Ng4 Rf4 36. Ne3 Rxb2 37. Bd5 Ra4 38. Rc1 Rb5 39. Bc6 Rba5 40. Bxa4 Rxa4 41. Rxc5 Rxa3 42. Rc7+ Kf6 43. Rc6+ Kg7 44. Kg2 h5 45. Kg3 Kh6 46. Rc8 a5 47. Ra8 a4 48. Kg2 Rb3 49. Rxa4 Kg5 50. Ra5+ Kh6 51. Ra6 Rb2 52. Nd5 Kg5 53. Ne7 Kh4 54. Nxg6+ Kg5 55. Ne7 Kf4 56. Nc6 Kf5 57. Ra4 Kg5 58. Ra5+ Kg6 59. Nd4 Rb4 60. Nf3 Rb6 61. Rg5+ Kh6 62. Rg8 Rf6 63. Nh4 Rf4 64. Kg3 Ra4 65. Rg6+ Kh7 66. Rb6 Ra3+ 67. f3 Ra4 68. Nf5 Ra3 69. Rh6+ Kg8 70. Rxh5 Kf7 71. Nh4 Kf6 72. Rf5+ Ke6 73. Rf4 Ke5 74. Rg4 Ra1 75. Rg5+ Kf6 76. Rf5+ Ke6 77. Rb5 Ra3 78. Kg4 Kf6 79. Rb6+ Ke5 80. f4+ Ke4 81. Re6+ Kd5 82. Re2 Ra4 83. Kg5 Ra8 84. Ng6 Rg8 85. f5 Kd6 86. f6 1-0


[Site "https://www.chess.com"]

[Event "Titled Tuesday Blitz May 23 Early 2023"]
[White "Sukandar, Irine Kharisma"]
[Black "Zaichenko, Daria"]
[WhiteFideId "7101937"]
[BlackFideId "4197453"]
[WhiteElo "2315"]
[BlackElo "2039"]
[Result "1-0"]
[Round "03"]
[TimeControl "180+2"]
[Date "2023.05.23"]
[WhiteClock "0:00:27"]
[BlackClock "0:00:00"]

1. c4 e6 2. Nc3 d5 3. cxd5 exd5 4. d4 c6 5. Nf3 Nf6 6. Bg5 Be7 7. Qc2 O-O 8. e3 Ne4 9. Bxe7 Qxe7 10. Nxe4 dxe4 11. Nd2 f5 12. Bc4+ Kh8 13. O-O Nd7 14. d5 cxd5 15. Bxd5 Nb6 16. Bb3 Be6 17. Bxe6 Qxe6 18. Nb3 Rac8 19. Qe2 Rc4 20. Nd4 Qe5 21. b3 Rc3 22. Rfd1 a6 23. h3 Rfc8 24. Qh5 g6 25. Qh6 Kg8 26. h4 Rd3 27. h5 Qg7 28. Nxf5 Qxh6 29. Nxh6+ Kg7 30. Ng4 gxh5 31. Ne5 Rxd1+ 32. Rxd1 Rc2 33. Rd6 Nc8 34. Rd7+ Kf6 35. Nc4 Rxa2 36. Rxb7 Ra1+ 37. Kh2 Ne7 38. Nd6 Nd5 39. Nxe4+ Ke5 40. Nc5 Ra2 41. Kg3 h4+ 42. Kf3 Nf6 43. Nd3+ Kf5 44. Rf7 Rd2 45. e4+ Kg6 46. Ne5+ Kg5 47. Ke3 1-0


[Site "https://www.chess.com"]

[Event "Titled Tuesday Blitz May 23 Early 2023"]
[White "Antonio, Jorge Carlos"]
[Black "Richter, Paul"]
[WhiteFideId "113190"]
[BlackFideId "2046350"]
[WhiteElo "2247"]
[BlackElo "2529"]
[Result "0-1"]
[Round "03"]
[TimeControl "180+2"]
[Date "2023.05.23"]
[WhiteClock "0:00:00"]
[BlackClock "0:00:20"]

1. d4 Nf6 2. Nf3 g6 3. c4 Bg7 4. Nc3 O-O 5. e4 d6 6. Be2 Na6 7. O-O e5 8. dxe5 dxe5 9. Qxd8 Rxd8 10. Bg5 Re8 11. a3 c6 12. b4 Nc7 13. c5 Ne6 14. Bxf6 Bxf6 15. Nd2 Nd4 16. Nc4 Be6 17. Nd6 Re7 18. Bc4 Bc8 19. f4 Be6 20. Bxe6 fxe6 21. Rad1 exf4 22. Rxf4 Be5 23. Rff1 a5 24. Nc4 Bg7 25. Nxa5 Nc2 26. Nb1 Ne3 27. Kf2 Nxf1 28. Kxf1 Be5 29. g3 Rf7+ 30. Ke2 Raf8 31. Nc4 Rf2+ 32. Ke1 Rf1+ 33. Ke2 R8f2+ 34. Ke3 Rxd1 35. Kxf2 Bd4+ 36. Ke2 Rxb1 37. Na5 b6 38. Nxc6 bxc5 39. bxc5 Bxc5 0-1


[Site "https://www.chess.com"]

[Event "Titled Tuesday Blitz May 23 Early 2023"]
[White "Feinig, Mario"]
[Black "Staudenhocker43"]
[WhiteFideId "1618113"]
[WhiteElo "2163"]
[BlackElo "2524"]
[Result "0-1"]
[Round "03"]
[TimeControl "180+2"]
[Date "2023.05.23"]
[WhiteClock "0:00:00"]
[BlackClock "0:00:19"]

1. e4 c6 2. d4 d5 3. exd5 cxd5 4. Bd3 Nc6 5. c3 Nf6 6. Bf4 Bg4 7. Qb3 Qd7 8. Nd2 e6 9. Ngf3 Bd6 10. Bxd6 Qxd6 11. O-O O-O 12. Rae1 Ne7 13. Ne5 Bf5 14. f4 Bxd3 15. Nxd3 Rab8 16. Qd1 Qa6 17. Nb4 Qb5 18. a4 Qd7 19. g4 a5 20. Nd3 b5 21. g5 Ne8 22. Ne5 Qb7 23. Re3 Nf5 24. Rh3 g6 25. Nb3 Rc8 26. Nc5 Rxc5 27. dxc5 bxa4 28. Qxa4 Qxb2 29. Nd7 Qe2 30. Rhf3 Nh4 31. R3f2 Qe3 32. Nxf8 Kxf8 33. f5 Nxf5 34. Qxa5 Kg7 35. c6 Qe5 36. c7 Nxc7 37. Qa1 Kg8 38. c4 Qxa1 39. Rxa1 dxc4 40. Rc1 Nd6 41. Rd2 Nd5 42. h4 Kg7 43. Ra2 h6 0-1


[Site "https://www.chess.com"]

[Event "Titled Tuesday Blitz May 23 Early 2023"]
[White "tetrix83"]
[Black "Antonova, Nadezhda"]
[BlackFideId "14700182"]
[WhiteElo "2522"]
[BlackElo "1799"]
[Result "1-0"]
[Round "03"]
[TimeControl "180+2"]
[Date "2023.05.23"]
[WhiteClock "0:00:25"]
[BlackClock "0:00:00"]

1. e4 c5 2. Nf3 d6 3. Bc4 e6 4. O-O Nf6 5. Re1 Be7 6. c3 O-O 7. Bb3 Nc6 8. d4 cxd4 9. cxd4 d5 10. e5 Ne4 11. Nc3 f5 12. exf6 Nxf6 13. Bg5 Bd7 14. Ne5 Nxe5 15. dxe5 Ne8 16. Be3 Bc6 17. Ne2 Bg5 18. f4 Bh6 19. Qd2 Qh4 20. g3 Qg4 21. Nd4 g6 22. Bd1 Qh3 23. Bf3 Ng7 24. Rac1 Rac8 25. Qe2 Nf5 26. Bg4 Nxg3 27. Bxh3 Nxe2+ 28. Nxe2 Rf7 29. Bxe6 1-0


[Site "https://www.chess.com"]

[Event "Titled Tuesday Blitz May 23 Early 2023"]
[White "agvania123"]
[Black "Manukyan, Artyom"]
[BlackFideId "13305786"]
[WhiteElo "2248"]
[BlackElo "2078"]
[Result "0-1"]
[Round "03"]
[TimeControl "180+2"]
[Date "2023.05.23"]
[WhiteClock "0:00:11"]
[BlackClock "0:00:55"]

1. c4 e6 2. Nf3 d5 3. cxd5 exd5 4. d4 Nf6 5. Nc3 c6 6. Bg5 Be7 7. e3 Bf5 8. Bd3 Bxd3 9. Qxd3 Nbd7 10. O-O O-O 11. Bh4 Re8 12. Rab1 a5 13. Ne5 Nxe5 14. dxe5 Ne4 15. Bxe7 Qxe7 16. Nxe4 dxe4 17. Qxe4 Qxe5 18. Qxe5 Rxe5 19. Rfd1 a4 20. Rd4 Rb5 21. Rbd1 g6 22. R1d2 Kg7 23. g3 a3 24. b3 Rxb3 25. axb3 a2 26. Rxa2 Rxa2 27. Rd7 b5 28. Rc7 Rc2 29. b4 Kf6 30. Kg2 Ke6 31. Kf3 Rc4 32. h4 h5 33. e4 f6 34. Kf4 Kd6 35. Rf7 f5 36. f3 fxe4 37. fxe4 Rxb4 38. Rf6+ Kd7 39. Rxg6 c5 40. Ke5 c4 41. Kd4 Rb3 42. Rg5 c3 43. Kd3 b4 44. Rxh5 Rb2 45. Rh7+ Kd6 46. Rh6+ Kc5 47. Rh5+ Kb6 48. Rh6+ Kb5 49. Rh5+ Ka4 50. Rh8 Kb3 51. e5 Rd2+ 52. Ke3 Rd1 53. g4 c2 54. Rc8 c1=Q+ 55. Rxc1 Rxc1 56. g5 Kc4 57. g6 b3 58. Kf2 Kd5 59. g7 Rc8 60. h5 b2 61. h6 b1=Q 62. h7 Qxh7 63. Kf3 Kxe5 64. Ke3 Rc3+ 65. Kd2 Qc2+ 66. Ke1 Re3+ 67. Kf1 Qe2+ 68. Kg1 Rg3+ 0-1


[Site "https://www.chess.com"]

[Event "Titled Tuesday Blitz May 23 Early 2023"]
[White "Floresvillar Gonzalez, Luis Migu"]
[Black "Santos Flores, Alberto"]
[WhiteFideId "5100542"]
[BlackFideId "3601234"]
[WhiteElo "2040"]
[BlackElo "2235"]
[Result "0-1"]
[Round "03"]
[TimeControl "180+2"]
[Date "2023.05.23"]
[WhiteClock "0:00:00"]
[BlackClock "0:00:05"]

1. d4 d5 2. c3 Nf6 3. Bg5 Nbd7 4. Nd2 e6 5. e3 Be7 6. Bd3 b6 7. f4 Bb7 8. Ngf3 h6 9. Bxf6 Nxf6 10. O-O O-O 11. Ne5 Ne4 12. Rf3 Bd6 13. Rh3 f5 14. Ndf3 c5 15. Qe1 Rc8 16. Rd1 Rc7 17. Nh4 Bxe5 18. fxe5 Kh7 19. g3 Ng5 20. Qf1 Nxh3+ 21. Qxh3 Qg5 22. Re1 cxd4 23. exd4 Qd2 24. Nf3 Qxd3 25. Ng5+ Kg8 26. Nxe6 Rcf7 27. Nxf8 Rxf8 28. e6 Bc6 29. e7 Re8 30. Re5 Bd7 31. Qh5 Bb5 32. Re1 Qd2 33. Re5 Qc1+ 34. Kf2 Qf1+ 35. Ke3 Qe1+ 36. Kf4 Qf2+ 37. Qf3 Qxf3+ 38. Kxf3 Bd7 39. h4 Kf7 40. Kf4 Be6 41. g4 fxg4 42. c4 Rxe7 43. cxd5 Bd7 44. d6 Rxe5 45. dxe5 h5 0-1


[Site "https://www.chess.com"]

[Event "Titled Tuesday Blitz May 23 Early 2023"]
[White "Ruge, Edison"]
[Black "Omariev, Maksim"]
[WhiteFideId "4401000"]
[BlackFideId "4193423"]
[WhiteElo "2175"]
[BlackElo "2511"]
[Result "1-0"]
[Round "03"]
[TimeControl "180+2"]
[Date "2023.05.23"]
[WhiteClock "0:00:15"]
[BlackClock "0:00:00"]

1. e4 c5 2. Nf3 d6 3. d3 Nc6 4. Nbd2 g6 5. g3 Bg7 6. Bg2 e5 7. h4 h6 8. O-O Nge7 9. c3 Be6 10. a3 a5 11. a4 Qd7 12. Nc4 Rd8 13. Nb6 Qc7 14. Nc4 O-O 15. Qe2 Rfe8 16. Re1 b6 17. h5 g5 18. Bxg5 hxg5 19. Nxg5 Rb8 20. Nxe6 fxe6 21. Qg4 Kf7 22. Bh3 Qd7 23. Re3 Rh8 24. Rf3+ Bf6 25. Qg5 Ng8 26. Qg6+ Ke7 27. Rxf6 Nxf6 28. Qg7+ Kd8 29. Qxh8+ Ne8 30. h6 Kc7 31. Qg8 Qe7 32. h7 Nf6 33. Qxb8+ Nxb8 34. h8=Q Nbd7 35. Kg2 d5 36. Nd2 c4 37. dxc4 dxe4 38. Re1 Nc5 39. Nxe4 Nfxe4 40. Rxe4 Nxe4 41. Qa8 Nd6 42. Qf3 e4 43. Qg4 e5 44. Qg8 e3 45. fxe3 e4 46. Qd5 Qf6 47. Kh2 Qf2+ 48. Bg2 Qxe3 49. Qd4 Qe2 50. c5 bxc5 51. Qxc5+ Kd7 52. Qa7+ Ke6 53. Qxa5 Qxb2 54. g4 1-0


[Site "https://www.chess.com"]

[Event "Titled Tuesday Blitz May 23 Early 2023"]
[White "Chan, Luis"]
[Black "KSho99"]
[WhiteFideId "3216357"]
[WhiteElo "2127"]
[BlackElo "2162"]
[Result "1-0"]
[Round "03"]
[TimeControl "180+2"]
[Date "2023.05.23"]
[WhiteClock "0:00:09"]
[BlackClock "0:00:01"]

1. b3 f5 2. Bb2 Nf6 3. e3 d6 4. d4 g6 5. Nf3 Bg7 6. Bd3 O-O 7. O-O c6 8. c4 Nbd7 9. Qc2 Qe8 10. c5 d5 11. Ne5 Nxe5 12. dxe5 Ne4 13. Nd2 Qf7 14. b4 Nxd2 15. Qxd2 f4 16. exf4 Qxf4 17. Qxf4 Rxf4 18. a3 Bf5 19. Bxf5 Rxf5 20. Rfe1 Raf8 21. f3 Kf7 22. e6+ Kg8 23. Bxg7 Kxg7 24. Rab1 d4 25. Rbd1 Rd8 26. Rd3 Kf6 27. Re4 Rfd5 28. Kf2 g5 29. h4 gxh4 30. Rxh4 h5 31. Re4 Re5 32. Rexd4 Rxd4 33. Rxd4 Kxe6 34. Rd8 a5 35. Rb8 b5 36. cxb6 axb4 37. axb4 Rb5 38. b7 Rxb4 39. Kg3 c5 40. Rc8 Rxb7 41. Rxc5 Kf6 42. Rxh5 Rb8 43. Rh6+ Kg7 44. Re6 Kf7 45. Re4 Rg8+ 46. Rg4 Rh8 47. Kf4 e6 48. Rg5 Rh6 49. Ra5 Kf6 50. g4 Rh8 51. Ra6 Rb8 52. Kg3 Kg6 53. Rxe6+ 1-0


[Site "https://www.chess.com"]

[Event "Titled Tuesday Blitz May 23 Early 2023"]
[White "Blackwhite017"]
[Black "Bagwe Gaurang"]
[BlackFideId "45039895"]
[WhiteElo "2087"]
[BlackElo "1847"]
[Result "0-1"]
[Round "03"]
[TimeControl "180+2"]
[Date "2023.05.23"]
[WhiteClock "0:02:30"]
[BlackClock "0:02:53"]

1. e4 c5 2. Nf3 d6 3. Nd4 cxd4 4. c3 dxc3 5. Nxc3 Nc6 6. d4 e6 7. Bd3 Nf6 8. O-O Be7 9. h3 O-O 10. Kh1 Nxd4 11. Bg5 e5 12. f4 h6 13. Bh4 exf4 14. Bc4 Ne6 15. Nd5 Nxd5 0-1


[Site "https://www.chess.com"]

[Event "Titled Tuesday Blitz May 23 Early 2023"]
[White "awayceiling"]
[Black "Goltseva, Ekaterina"]
[BlackFideId "24173770"]
[WhiteElo "1391"]
[BlackElo "2114"]
[Result "0-1"]
[Round "03"]
[TimeControl "180+2"]
[Date "2023.05.23"]
[WhiteClock "0:00:11"]
[BlackClock "0:00:45"]

1. e4 c5 2. Nf3 e6 3. d4 cxd4 4. Nxd4 Nf6 5. Nc3 Nc6 6. Nxc6 bxc6 7. Bd3 d5 8. e5 Nd7 9. f4 Qb6 10. Qe2 c5 11. Qf2 Bb7 12. b3 c4 13. Qxb6 Nxb6 14. Be2 Bb4 15. Bd2 O-O 16. O-O-O Rfc8 17. Kb2 d4 18. Ne4 c3+ 19. Bxc3 dxc3+ 20. Kb1 Bxe4 0-1


[Site "https://www.chess.com"]

[Event "Titled Tuesday Blitz May 23 Early 2023"]
[White "Prohaszka, Peter"]
[Black "Saim, Mohamed Ilias"]
[WhiteFideId "726265"]
[BlackFideId "7900465"]
[WhiteElo "2626"]
[BlackElo "2063"]
[Result "1-0"]
[Round "03"]
[TimeControl "180+2"]
[Date "2023.05.23"]
[WhiteClock "0:01:57"]
[BlackClock "0:00:15"]

1. d4 Nf6 2. c4 e6 3. Bf4 c5 4. d5 exd5 5. cxd5 d6 6. Nc3 g6 7. e3 Bg7 8. h3 O-O 9. Nf3 a6 10. a4 Re8 11. Be2 Bf5 12. Nd2 a5 13. O-O Na6 14. Nc4 Bf8 15. Nb5 Ne4 16. f3 Nf6 17. Ncxd6 Bxd6 18. Nxd6 Rf8 19. e4 Bc8 20. e5 Nh5 21. Bh6 Nb4 22. Bxf8 Kxf8 23. Qd2 Kg7 24. f4 Qh4 25. Bxh5 Qxh5 26. f5 Bxf5 27. Rxf5 gxf5 28. Rf1 Rf8 29. Rxf5 Qh6 30. Rg5+ Kh8 31. Rg8+ Rxg8 32. Qxh6 1-0


[Site "https://www.chess.com"]

[Event "Titled Tuesday Blitz May 23 Early 2023"]
[White "Begmuratov, Alisher"]
[Black "Kirillov, Dmitry"]
[WhiteFideId "14203367"]
[BlackFideId "34180572"]
[WhiteElo "2387"]
[BlackElo "2161"]
[Result "0-1"]
[Round "03"]
[TimeControl "180+2"]
[Date "2023.05.23"]
[WhiteClock "0:00:44"]
[BlackClock "0:00:57"]

1. e4 c6 2. d4 d5 3. Nc3 dxe4 4. Nxe4 Nf6 5. Nxf6+ exf6 6. c3 Bd6 7. Bd3 Na6 8. Ne2 Nc7 9. Qc2 h5 10. Bf4 Nd5 11. Bxd6 Qxd6 12. O-O-O Kf8 13. a3 g6 14. c4 Nf4 15. Nxf4 Qxf4+ 16. Kb1 Kg7 17. g3 Qd6 18. f4 f5 19. Qc3 Rd8 20. Bc2 Kg8 21. h4 Be6 22. Rhe1 b5 23. Bb3 bxc4 24. Bxc4 Bd5 25. Re5 Rab8 26. Rd2 Bxc4 27. Qxc4 Qxa3 28. Rc2 Qxg3 29. Re7 Rf8 30. Qxc6 Qxh4 31. Rg2 Qxe7 0-1


[Site "https://www.chess.com"]

[Event "Titled Tuesday Blitz May 23 Early 2023"]
[White "Hercegovac, Neven"]
[Black "Shuvalov, Evgenij"]
[WhiteFideId "2839135"]
[BlackFideId "4187237"]
[WhiteElo "2075"]
[BlackElo "2080"]
[Result "0-1"]
[Round "03"]
[TimeControl "180+2"]
[Date "2023.05.23"]
[WhiteClock "0:00:04"]
[BlackClock "0:00:07"]

1. Nf3 Nf6 2. g3 g6 3. b3 Bg7 4. Bb2 O-O 5. Bg2 d5 6. c4 c6 7. O-O Nbd7 8. a4 a5 9. Na3 Qb6 10. cxd5 Nxd5 11. Nc4 Qa6 12. Bxg7 Kxg7 13. d4 N7f6 14. Nfe5 Rd8 15. Qc2 Nb4 16. Qb2 Bf5 17. Rac1 Rac8 18. Rfe1 Be4 19. f3 Bd5 20. e4 Be6 21. Red1 Qa7 22. Kh1 Nd7 23. d5 cxd5 24. Nxd7+ f6 25. Ndb6 dxc4 26. Nxc8 Rxc8 27. bxc4 Qc5 28. Qd4 Qxd4 29. Rxd4 Rc5 30. f4 b6 31. Kg1 Kf7 32. Kf2 Ke8 33. h3 Bd7 34. e5 fxe5 35. fxe5 Rxe5 36. Rcd1 Bxa4 37. Rd8+ Kf7 38. Kg1 Bxd1 39. Rxd1 Rc5 40. Rf1+ Ke6 41. Re1+ Kd6 42. Rd1+ Kc7 43. Re1 e5 44. Bf1 Kd6 45. Be2 Nc6 46. Rf1 Nd4 47. Bd3 Rc7 48. Rf6+ Kc5 49. Rf1 Re7 50. Re1 a4 51. Re4 Kb4 52. Kf2 a3 53. Re1 Kc3 54. Be4 a2 55. Ra1 Kb2 0-1


[Site "https://www.chess.com"]

[Event "Titled Tuesday Blitz May 23 Early 2023"]
[White "Martic, Ivan"]
[Black "Kopczynski, Michal"]
[WhiteFideId "929301"]
[BlackFideId "1124200"]
[WhiteElo "2360"]
[BlackElo "2212"]
[Result "0-1"]
[Round "03"]
[TimeControl "180+2"]
[Date "2023.05.23"]
[WhiteClock "0:00:21"]
[BlackClock "0:00:10"]

1. d4 Nf6 2. c4 g6 3. Nf3 Bg7 4. g3 d6 5. Bg2 O-O 6. O-O Nfd7 7. Nc3 Nc6 8. h3 e5 9. d5 Ne7 10. e4 h6 11. Ne1 f5 12. Nd3 fxe4 13. Nxe4 Nf6 14. Nxf6+ Rxf6 15. f4 exf4 16. Nxf4 g5 17. Nh5 Rxf1+ 18. Bxf1 Be5 19. Qf3 Qf8 20. Qxf8+ Kxf8 21. a4 Bf5 22. Ra3 Kg8 23. a5 Rf8 24. Be3 b6 25. axb6 axb6 26. Ra7 Bg6 27. g4 Rf3 28. Bf2 Bxh5 29. Rxc7 Nxd5 30. cxd5 Bf7 31. Bxb6 Bxb2 32. Rd7 Be5 33. Rd8+ Kg7 34. Bg2 Rb3 35. Bf2 Rb1+ 36. Bf1 Bxd5 37. Rd7+ Kf6 38. Be3 Bc4 39. Kg2 Bxf1+ 40. Kf2 Bxh3 41. Rd8 Bxg4 42. Rf8+ Kg7 43. Re8 Rb2+ 44. Ke1 Re2+ 45. Kf1 Rxe3 46. Re7+ Kf6 47. Re8 Bh3+ 48. Kf2 Re4 49. Kg1 Bd4+ 50. Kh2 Rxe8 51. Kg3 Be5+ 52. Kf2 d5 53. Kf3 d4 54. Kf2 d3 55. Ke3 Bf5 56. Kd2 Bf4+ 57. Kc3 d2 58. Kb2 d1=Q 59. Ka2 Qc2+ 60. Ka3 Ra8+ 61. Kb4 Bd6+ 62. Kb5 Bd7+ 63. Kb6 Qc6# 0-1


[Site "https://www.chess.com"]

[Event "Titled Tuesday Blitz May 23 Early 2023"]
[White "Goswami, Vedant"]
[Black "Grunberg, Mihai-Lucian"]
[WhiteFideId "5003725"]
[BlackFideId "1204149"]
[WhiteElo "2011"]
[BlackElo "2363"]
[Result "1-0"]
[Round "03"]
[TimeControl "180+2"]
[Date "2023.05.23"]
[WhiteClock "0:00:50"]
[BlackClock "0:02:27"]

1. b3 g6 2. Bb2 Nf6 3. c4 Bg7 4. Nf3 O-O 5. e3 c5 6. Be2 Nc6 7. O-O d5 8. cxd5 Nxd5 9. Bxg7 Kxg7 10. Nc3 b6 11. a3 Bb7 12. Qc2 e6 13. Rfd1 Nxc3 14. Qxc3+ Qf6 15. Qxf6+ Kxf6 16. d4 cxd4 17. Nxd4 Rfd8 18. Nxc6 Bxc6 19. f3 Ke7 20. Kf2 f5 21. f4 a5 22. Rac1 Bd5 23. Rc3 Rac8 24. Rdc1 Rxc3 25. Rxc3 Kd6 26. g4 Rd7 27. g5 Rc7 28. Rxc7 Kxc7 29. b4 Kc6 30. Ke1 Be4 31. Kd2 Kd5 32. Kc3 e5 33. Bc4+ Kd6 34. Bg8 exf4 35. exf4 Bd5 36. Bxh7 Bf7 37. Kd4 Ke6 38. h4 Be8 39. Bg8+ Kd6 40. Bc4 Bd7 41. Bf7 1-0


[Site "https://www.chess.com"]